 Dungeon Sprint DCSS version 0.17-a0-18-gc25b939 (webtiles) character file.

22492 MDvedh the Scorcher (level 13, -3/88 HPs)
             Began as a Human Fire Elementalist on Mar 6, 2015.
             Was the Champion of Vehumet.
             Killed by drain life
             ... invoked by a soul eater
              (18 damage)
             ... in the Dungeon (Sprint V: "Ziggurat Sprint").
             The game lasted 00:18:03 (2139 turns).

MDvedh the Scorcher (Human Fire Elementalist)       Turns: 2139, Time: 00:18:03

Health: -3/88      AC:  5    Str:  8      XL:     13   Next: 28%
Magic:  3/42       EV: 22    Int: 32      God:    Vehumet [******]
Gold:   0          SH:  0    Dex: 19 (20) Spells: 5 memorised, 7 levels left

rFire  . . .     SeeInvis .     U - staff of conjuration
rCold  . . .     Clarity  .     R - steam dragon hide
rNeg   . . .     SustAb   .     (no shield)
rPois  .         Gourm    .     Y - +3 hat of Pondering {ponderous, MR+ MP+10 Int+5}
rElec  .         Spirit   .     (no cloak)
rCorr  .         Warding  .     (no gloves)
rMut   .         NoTele   +     (no boots)
MR     +....                    (no amulet)
Stlth  ++........               D - +6 ring of dexterity
                                G - +6 ring of intelligence

@: studying Polearms, slow, somewhat resistant to hostile enchantments,
unstealthy
A: no striking features
a: Renounce Religion


You were in the Dungeon.
You worshipped Vehumet.
Vehumet was exalted by your worship.
You were very full.

You visited 1 branch

Inventory:

Hand weapons
 K - a +5 demon whip
Armour
 L - the +2 hat of the High Council {Archmagi, Wiz- Stlth-}
   (You found it in the Dungeon)

   It makes you less stealthy.
 R - a steam dragon hide (worn)
 Y - the +3 hat of Pondering (worn) {ponderous, MR+ MP+10 Int+5}
   (You found it in the Dungeon)

   It affects your intelligence (+5).
   It affects your resistance to hostile enchantments.
   It affects your magic capacity (+10).
Magical staves
 J - an uncursed staff of energy
 U - an uncursed staff of conjuration (weapon)
Rods
 z - a +5 rod of destruction (9/9)
   (You took it off a necromancer in the Dungeon)
 W - a +2 iron rod (14/14)
   (You found it in the Dungeon)
Jewellery
 w - an uncursed ring of wizardry
 D - a +6 ring of dexterity (right hand)
 E - a +6 ring of dexterity
 F - a +6 ring of intelligence
 G - a +6 ring of intelligence (left hand)
 H - a +6 ring of strength
 I - a +6 ring of strength
 N - a +2 ring of evasion
 X - the ring of Kannag {+Fly rElec rF+ Dex-2 SInv}
   (You found it in the Dungeon)

   [ring of flight]

   It affects your dexterity (-2).
   It protects you from fire.
   It insulates you from electricity.
   It enhances your eyesight.
   It lets you fly.
Magical devices
 y - a wand of disintegration (7)
 A - a wand of fire (5)
 B - a wand of cold (5)
 C - a wand of draining (5)
Scrolls
 i - 4 scrolls of blinking
 l - 4 scrolls of amnesia
 m - 3 scrolls of recharging
 n - 6 scrolls of fog
 o - a scroll of holy word
 p - 5 scrolls of identify
 q - 5 scrolls of remove curse
 r - 2 scrolls of fear
 V - 2 scrolls of brand weapon
Potions
 d - 9 potions of curing
 e - 5 potions of heal wounds
 f - 5 potions of haste
 g - 7 potions of magic
 h - a potion of berserk rage
 s - a potion of brilliance
 t - a potion of invisibility
 u - 2 potions of restore abilities
 v - 4 potions of resistance
 x - 4 potions of agility
Books
 b - a book of Flames

   Spells                             Type                      Level
   a - Flame Tongue                   Conjuration/Fire             1
   b - Throw Flame                    Conjuration/Fire             2
   c - Conjure Flame                  Conjuration/Fire             3
   d - Inner Flame                    Hexes/Fire                   3
   e - Sticky Flame                   Conjuration/Fire             4
   f - Fireball                       Conjuration/Fire             5
 O - Jojeog's Papyrus of the Shifting Voyage
   (You found it in the Dungeon)

   Spells                             Type                      Level
   a - Blink                          Translocation                2
   b - Stoneskin                      Transmutation/Earth          2
   c - Sticks to Snakes               Transmutation                2
   d - Portal Projectile              Translocation                3
   e - Control Teleport               Charms/Translocation         4
   f - Passage of Golubria            Translocation                4
 P - a manual of Polearms
 Q - a book of Power

   Spells                             Type                      Level
   a - Fulminant Prism                Conjuration/Hexes            4
   b - Iskenderun's Mystic Blast      Conjuration                  4
   c - Venom Bolt                     Conjuration/Poison           5
   d - Bolt of Magma                  Conjuration/Fire/Earth       5
   e - Iron Shot                      Conjuration/Earth            6
   f - Orb of Destruction             Conjuration                  7
   g - Spellforged Servitor           Conjuration/Summoning        7
 S - a book of Fire

   Spells                             Type                      Level
   a - Ignite Poison                  Fire/Transmutation           5
   b - Fireball                       Conjuration/Fire             5
   c - Bolt of Fire                   Conjuration/Fire             6
   d - Delayed Fireball               Conjuration/Fire             7
   e - Ring of Flames                 Charms/Fire                  7
 T - a book of Annihilations

   Spells                             Type                      Level
   a - Poison Arrow                   Conjuration/Poison           6
   b - Chain Lightning                Conjuration/Air              8
   c - Lehudib's Crystal Spear        Conjuration/Earth            8
   d - Glaciate                       Conjuration/Ice              9
   e - Fire Storm                     Conjuration/Fire             9
Miscellaneous
 M - a lamp of fire
 Z - a phantom mirror
Comestibles
 c - 3 bread rations
 j - 41 fruits
 k - 3 meat rations


   Skills:
 - Level 4.1 Fighting
 - Level 7.3 Maces & Flails
 - Level 4.1 Armour
 + Level 11.8 Dodging
 - Level 2.0 Stealth
 + Level 10.9 Spellcasting
 * Level 18.4 Conjurations
 + Level 1.5 Charms
 * Level 18.6 Fire Magic


You had 7 spell levels left.
You knew the following spells:

 Your Spells              Type           Power        Failure   Level  Hunger
a - Flame Tongue          Conj/Fire      #####        0%          1    None
b - Fireball              Conj/Fire      ########..   1%          5    ##.....
c - Ring of Flames        Chrm/Fire      ######....   41%         7    ######.
d - Iskenderun's Mystic   Conj           ########     0%          4    None
e - Fire Storm            Conj/Fire      ########..   45%         9    #######


Dungeon Overview and Level Annotations

Branches:
Dungeon (1/1)

Altars:
Ashenzari
Cheibriados
Dithmenos
Elyvilon
Fedhas
Gozag
Kikubaaqudgha
Makhleb
Nemelex Xobeh
Okawaru
Qazlal
Ru
Sif Muna
Trog
Vehumet
Xom
Yredelemnul
Zin
The Shining One
Beogh
Jiyva
Lugonu


Message History

The fireball engulfs the soul eater.
The soul eater is heavily wounded.
The fireball engulfs the soul eater.
The soul eater is moderately wounded.
The soul eater hits you!
* * * LOW HITPOINT WARNING * * *
A giant gecko skeleton comes into view.
Unknown command.
Casting: Fireball
Confirm with . or Enter, or press ? or * to list all spells.
Aiming: Fireball
Press: ? - help, Shift-Dir - straight line You feel a surge of power!
The fireball explodes!
The fireball engulfs the soul eater.
The soul eater is almost dead.
The fireball engulfs the soul eater.
The soul eater is almost dead.
The soul eater completely misses you.
The soul eater draws from the surrounding life force!
You die...

▓........ ▓.(.....
▓.......... ▓.(.....
▓........... ▓.(.....
▓............ ▓.......
▓.ZZ......... ▓...()).
▓..▓.......▓ ▓...(.((
▓.▓▓▓.....▓▓ ▓....)))
▓..▓.......▓..▓.....((
▓.Z33@.....Z..▓▓▓▓▓▓▓▓
▓.............▓....8©8
▓▓▓▓▓▓▓▓▓▓▓▓▓▓▓..|.)..
▓...)|}) ▓...[(|)
▓.....)) ▓.....).
▓....... ▓...)...


You could see 2 soul eaters, a giant gecko skeleton and a quokka skeleton.

Vanquished Creatures
  2 deep elf master archers (D)
  A ghoul (D)
  A stone giant (D)
  2 merfolk javelineers (D)
  2 hydras (D)
  2 yaktaur captains (D)
  2 vampire magi (D)
  A skeletal warrior (D)
  3 necromancers (D)
  4 deep elf summoners (D)
  3 deep elf conjurers (D)
  An elephant (D)
  2 cyclopes (D)
  A spiny frog (D)
  A yaktaur (D)
  A deep elf priest (D)
  An ancient zyme (D)
  A fire drake (D)
  2 blue devils (D)
  4 polar bears (D)
  2 freezing wraiths (D)
  A blink frog (D)
  A wyvern (D)
  A yak (D)
  4 vampires (D)
  A redback (D)
  A deep elf mage (D)
  2 hippogriffs (D)
  An air elemental (D)
  2 insubstantial wisps (D)
  3 steam dragons (D)
  A water moccasin (D)
  A hell hound (D)
  3 ice beasts (D)
  2 orc warriors (D)
  A swamp drake (D)
  3 centaurs (D)
  A porcupine (D)
  2 crocodiles (D)
  A giant frog (D)
  A crimson imp (D)
  An orc priest (D)
  A quasit (D)
  An orc wizard (D)
  An iguana (D)
  A hell rat (D)
  An adder (D)
  3 river rats (D)
  3 white imps (D)
  An adder zombie (D)
  3 adder skeletons (D)
  An adder simulacrum (D)
  12 orcs (D)
  A spectral bat (D)
  3 bat skeletons (D)
  3 bat zombies (D)
  A goblin (D)
  2 hobgoblins (D)
  2 quokkas (D)
  A jackal simulacrum (D)
  3 jackal skeletons (D)
  A quokka simulacrum (D)
  A quokka zombie (D)
  A spectral ball python (D)
  A spectral quokka (D)
  2 fungi (D)
123 creatures vanquished.

Vanquished Creatures (collateral kills)
  An insubstantial wisp (D)
1 creature vanquished.

Vanquished Creatures (others)
  A centaur warrior (D)
  Menkaure (D)
  A centaur (D)
3 creatures vanquished.

Grand Total: 127 creatures vanquished

Notes
Turn   | Place    | Note
--------------------------------------------------------------
     0 | D        | MDvedh, the Human Fire Elementalist, began the quest for the Orb.
     0 | D        | Reached XP level 1. HP: 13/13 MP: 3/3
     0 | D        | Found a basalt altar of Yredelemnul.
     0 | D        | Found an iron altar of Okawaru.
     0 | D        | Found a radiant altar of Vehumet.
     1 | D        | Found a shimmering altar of Xom.
     2 | D        | Killed Menkaure
     4 | D        | Found a burning altar of Makhleb.
     5 | D        | Found a corrupted altar of Lugonu.
     5 | D        | Found a white marble altar of Elyvilon.
     5 | D        | Found a deep blue altar of Sif Muna.
     6 | D        | Found a sparkling altar of Nemelex Xobeh.
     6 | D        | Found a bloodstained altar of Trog.
     9 | D        | Found a viscous altar of Jiyva.
    44 | D        | Became a worshipper of Vehumet
    89 | D        | Entered arena 1.
    90 | D        | Reached skill level 7 in Maces & Flails
    90 | D        | Reached XP level 2. HP: 19/19 MP: 4/4
   201 | D        | Entered arena 2.
   201 | D        | Noticed a deep elf conjurer
   201 | D        | Noticed a deep elf summoner
   202 | D        | Noticed a redback
   205 | D        | Killed a redback
   210 | D        | Killed a deep elf conjurer
   210 | D        | Acquired Vehumet's first power
   210 | D        | Offered knowledge of Freeze by Vehumet.
   210 | D        | Reached skill level 9 in Conjurations
   210 | D        | Reached XP level 3. HP: 24/24 MP: 6/6
   210 | D        | Reached XP level 4. HP: 30/30 MP: 7/7
   210 | D        | Reached XP level 5. HP: 35/35 MP: 9/9
   210 | D        | Reached XP level 6. HP: 41/41 MP: 10/10
   210 | D        | Reached XP level 7. HP: 46/46 MP: 12/12
   218 | D        | Killed a deep elf summoner
   218 | D        | Reached skill level 11 in Conjurations
   218 | D        | Reached XP level 8. HP: 37/52 MP: 13/13
   339 | D        | Learned a level 5 spell: Fireball
   396 | D        | Entered arena 3.
   396 | D        | Noticed a crimson imp
   396 | D        | Noticed a quasit
   396 | D        | Noticed an ancient zyme
   407 | D        | Killed an ancient zyme
   407 | D        | Reached skill level 1 in Fighting
   407 | D        | Reached skill level 1 in Armour
   413 | D        | Killed a quasit
   415 | D        | Offered knowledge of Throw Frost by Vehumet.
   416 | D        | Killed a crimson imp
   695 | D        | Identified Jojeog's Papyrus of the Shifting Voyage (You found it in the Dungeon)
   711 | D        | Entered arena 4.
   711 | D        | Noticed an air elemental
   711 | D        | Noticed an insubstantial wisp
   711 | D        | Noticed an insubstantial wisp
   711 | D        | Noticed an insubstantial wisp
   714 | D        | Killed an air elemental
   723 | D        | Killed an insubstantial wisp
   723 | D        | Reached skill level 12 in Fire Magic
   723 | D        | Reached XP level 9. HP: 36/62 MP: 2/18
   739 | D        | Killed an insubstantial wisp
   746 | D        | Killed an insubstantial wisp
   951 | D        | Entered arena 5.
   951 | D        | Noticed a steam dragon
   951 | D        | Noticed a steam dragon
   951 | D        | Noticed a steam dragon
   951 | D        | Noticed a fire drake
   951 | D        | Noticed a swamp drake
   952 | D        | Killed a steam dragon
   953 | D        | Killed a steam dragon
   953 | D        | Offered knowledge of Searing Ray by Vehumet.
   953 | D        | Killed a swamp drake
   953 | D        | Acquired Vehumet's second power
   955 | D        | Killed a fire drake
   960 | D        | Killed a steam dragon
  1022 | D        | Learned a level 7 spell: Ring of Flames
  1025 | D        | Entered arena 6.
  1026 | D        | Noticed a hell hound
  1028 | D        | Acquired Vehumet's third power
  1038 | D        | Killed a hell hound
  1143 | D        | Entered arena 7.
  1143 | D        | Noticed an ice beast
  1143 | D        | Noticed a polar bear
  1143 | D        | Noticed an ice beast
  1143 | D        | Noticed a blue devil
  1145 | D        | Killed an ice beast
  1145 | D        | Reached skill level 5 in Dodging
  1145 | D        | Reached skill level 13 in Fire Magic
  1145 | D        | Killed a blue devil
  1145 | D        | Reached XP level 10. HP: 71/71 MP: 17/21
  1146 | D        | Killed an ice beast
  1146 | D        | Reached skill level 5 in Spellcasting
  1149 | D        | Killed a polar bear
  1255 | D        | Entered arena 8.
  1255 | D        | Noticed an orc priest
  1255 | D        | Noticed an orc wizard
  1257 | D        | Offered knowledge of Iskenderun's Mystic Blast by Vehumet.
  1257 | D        | Killed an orc priest
  1258 | D        | Killed an orc wizard
  1296 | D        | Got the ring of Kannag {+Fly rElec rF+ Dex-2 SInv}
  1319 | D        | Learned a level 4 spell: Iskenderun's Mystic Blast
  1319 | D        | Entered arena 9.
  1319 | D        | Noticed a polar bear
  1319 | D        | Noticed a polar bear
  1319 | D        | Noticed a freezing wraith
  1319 | D        | Noticed an ice beast
  1319 | D        | Noticed a polar bear
  1319 | D        | Noticed a freezing wraith
  1319 | D        | Noticed a blue devil
  1321 | D        | Offered knowledge of Fulminant Prism by Vehumet.
  1321 | D        | Killed a blue devil
  1322 | D        | Killed a polar bear
  1322 | D        | Killed a polar bear
  1322 | D        | Killed an ice beast
  1323 | D        | Killed a polar bear
  1325 | D        | Killed a freezing wraith
  1325 | D        | Reached skill level 14 in Fire Magic
  1325 | D        | Killed a freezing wraith
  1405 | D        | Entered arena 10.
  1405 | D        | Noticed a deep elf summoner
  1405 | D        | Noticed a deep elf conjurer
  1405 | D        | Noticed a deep elf mage
  1405 | D        | Noticed a deep elf conjurer
  1405 | D        | Noticed a deep elf summoner
  1405 | D        | Noticed a deep elf summoner
  1405 | D        | Noticed a deep elf priest
  1406 | D        | Killed a deep elf conjurer
  1407 | D        | Killed a deep elf conjurer
  1408 | D        | Killed a deep elf priest
  1408 | D        | Reached XP level 11. HP: 77/77 MP: 25/25
  1408 | D        | Killed a deep elf summoner
  1408 | D        | Killed a deep elf mage
  1409 | D        | Killed a deep elf summoner
  1409 | D        | Reached skill level 15 in Fire Magic
  1409 | D        | Killed a deep elf summoner
  1409 | D        | Reached skill level 15 in Conjurations
  1491 | D        | Entered arena 11.
  1491 | D        | Noticed a yak
  1491 | D        | Noticed a water moccasin
  1491 | D        | Noticed an elephant
  1491 | D        | Noticed a hippogriff
  1491 | D        | Noticed a crocodile
  1492 | D        | Noticed an iguana
  1493 | D        | Offered knowledge of Lightning Bolt by Vehumet.
  1494 | D        | Killed an elephant
  1495 | D        | Killed a water moccasin
  1495 | D        | Killed a hippogriff
  1495 | D        | Killed an iguana
  1496 | D        | Killed a yak
  1496 | D        | Killed a crocodile
  1539 | D        | Entered arena 12.
  1539 | D        | Noticed a blink frog
  1539 | D        | Noticed a spiny frog
  1539 | D        | Noticed a giant frog
  1539 | D        | Noticed a wyvern
  1539 | D        | Noticed a hippogriff
  1539 | D        | Noticed a four-headed hydra
  1539 | D        | Noticed a porcupine
  1540 | D        | Noticed a seven-headed hydra
  1540 | D        | Killed a porcupine
  1541 | D        | Noticed a crocodile
  1541 | D        | Killed a hippogriff
  1541 | D        | Killed a giant frog
  1541 | D        | Killed a wyvern
  1542 | D        | Killed a four-headed hydra
  1543 | D        | Killed a seven-headed hydra
  1543 | D        | Reached skill level 16 in Fire Magic
  1543 | D        | Killed a spiny frog
  1545 | D        | Killed a crocodile
  1546 | D        | Killed a blink frog
  1642 | D        | Entered arena 13.
  1642 | D        | Noticed a vampire
  1643 | D        | Noticed a vampire
  1647 | D        | Killed a vampire
  1648 | D        | Noticed a vampire mage
  1650 | D        | Noticed a vampire
  1650 | D        | Killed a vampire mage
  1650 | D        | Reached XP level 12. HP: 81/83 MP: 27/29
  1650 | D        | Killed a vampire
  1650 | D        | Killed a vampire
  1651 | D        | Noticed a vampire mage
  1652 | D        | Noticed a necromancer
  1652 | D        | Noticed a vampire
  1653 | D        | Noticed a skeletal warrior
  1653 | D        | Noticed a necromancer
  1657 | D        | Killed a necromancer
  1658 | D        | Killed a skeletal warrior
  1658 | D        | Reached skill level 10 in Dodging
  1658 | D        | Killed a vampire mage
  1659 | D        | Noticed a necromancer
  1659 | D        | Killed a vampire
  1659 | D        | Offered knowledge of Airstrike by Vehumet.
  1659 | D        | Reached skill level 17 in Fire Magic
  1662 | D        | Killed a necromancer
  1665 | D        | Killed a necromancer
  1794 | D        | Learned a level 9 spell: Fire Storm
  1808 | D        | Entered arena 14.
  1808 | D        | Noticed an orc warrior
  1809 | D        | Noticed an orc warrior
  1809 | D        | Noticed a cyclops
  1810 | D        | Killed an orc warrior
  1811 | D        | Killed a cyclops
  1814 | D        | Killed an orc warrior
  1921 | D        | Entered arena 15.
  1921 | D        | Noticed a centaur
  1921 | D        | Noticed a merfolk javelineer
  1921 | D        | Noticed a centaur
  1922 | D        | Noticed a centaur warrior
  1922 | D        | Noticed a deep elf master archer
  1922 | D        | Noticed a cyclops
  1923 | D        | Noticed a stone giant
  1923 | D        | Noticed a centaur
  1924 | D        | Noticed a merfolk javelineer
  1924 | D        | Noticed a centaur
  1928 | D        | Killed a centaur
  1931 | D        | Killed a stone giant
  1931 | D        | Offered knowledge of Irradiate by Vehumet.
  1931 | D        | Killed a deep elf master archer
  1931 | D        | Reached skill level 10 in Spellcasting
  1932 | D        | Killed a centaur
  1935 | D        | Noticed a yaktaur captain
  1935 | D        | Noticed a yaktaur captain
  1935 | D        | Noticed a yaktaur
  1936 | D        | Killed a centaur
  1937 | D        | Killed a centaur warrior
  1937 | D        | Reached skill level 18 in Fire Magic
  1938 | D        | Noticed a deep elf master archer
  1943 | D        | Killed a deep elf master archer
  1943 | D        | Killed a yaktaur
  1943 | D        | Reached XP level 13. HP: 53/88 MP: 22/31
  1943 | D        | Killed a yaktaur captain
  1944 | D        | Killed a centaur
  1944 | D        | Killed a merfolk javelineer
  1945 | D        | Killed a yaktaur captain
  1945 | D        | Killed a cyclops
  1948 | D        | Killed a merfolk javelineer
  2116 | D        | Entered arena 16.
  2122 | D        | Noticed a ghoul
  2123 | D        | Noticed a soul eater
  2124 | D        | Offered knowledge of Conjure Ball Lightning by Vehumet.
  2125 | D        | Noticed a soul eater
  2131 | D        | Killed a ghoul
  2131 | D        | Reached skill level 1 in Charms
  2139 | D        | Killed from afar by a soul eater

Action                   |  1- 3 |  4- 6 |  7- 9 | 10-12 | 13-15 || total
-------------------------+-------+-------+-------+-------+-------++-------
Melee: Demon whip        |    12 |       |    71 |       |       ||    83
       Staff             |       |       |       |    20 |       ||    20
 Cast: Fireball          |       |       |     6 |    40 |    14 ||    60
       Iskenderun's Myst |       |       |       |    12 |     3 ||    15
       Ring of Flames    |       |       |       |     1 |       ||     1
Evoke: Lamp of fire      |       |       |     1 |       |       ||     1
  Use: Potion            |     2 |       |     4 |     7 |       ||    13
       Scroll            |       |       |       |     1 |       ||     1
  Eat: Fruit             |       |       |     1 |       |       ||     1
       Bread ration      |       |       |     1 |       |     1 ||     2
       Chunk             |       |       |       |     7 |       ||     7
       Meat ration       |       |       |       |     1 |       ||     1
